 Dungeon Crawl Stone Soup version 0.29-a0-504-gec6baf379c (webtiles) character file.

Game seed: 4189237516743604539

3269 Colgate the Fighter (level 10, -1/65 HPs)
             Began as a Kobold Brigand on May 28, 2022.
             Was a Priest of Vehumet.
             Slain by a six-headed hydra (10 damage)
             ... on level 7 of the Dungeon.
             The game lasted 00:33:44 (10678 turns).

Colgate the Fighter (Kobold Brigand)               Turns: 10678, Time: 00:33:45

Health: -1/65      AC:  8    Str:  9    XL:     10   Next: 19%
Magic:  21/25      EV: 16    Int: 20    God:    Vehumet [***...]
Gold:   601        SH:  0    Dex: 16    Spells: 10/17 levels left

rFire   . . .      SeeInvis .   a - +3 dagger
rCold   + . .      Faith    .   (no shield)
rNeg    . . .      Spirit   .   y - +3 leather armour of Indomitability {rElec Int+3}
rPois   .          Reflect  .   (no helmet)
rElec   +          Harm     .   c - +0 cloak
rCorr   .          Rampage  .   l - +0 pair of gloves
Will    .....                   (no boots)
Stlth   ++++......              N - amulet of the acrobat
HPRegen 0.20/turn               g - ring of magical power
MPRegen 0.19/turn               H - ring of protection from cold

@: confusing by touch
A: small, no large weapons, nightstalker 3
a: Renounce Religion


You were on level 7 of the Dungeon.
You worshipped Vehumet.
Vehumet was most pleased with you.
You visited 2 branches of the dungeon, and saw 8 of its levels.

You collected 630 gold pieces.
You spent 29 gold pieces at shops.

Inventory:

Hand Weapons
 a - a +3 dagger (weapon)
 b - a +2 short sword of venom
 u - a +0 rapier
Missiles
 d - 14 poisoned darts (quivered)
 e - 3 curare-tipped darts
 t - 5 datura-tipped darts
 v - 6 boomerangs
Armour
 c - a +0 cloak (worn)
 j - a +0 robe
 l - a +0 pair of gloves (worn)
 r - the +3 leather armour "Jycoez" {Str+2}
   (You found it on level 3 of the Dungeon)

   Str:       It affects your strength (+2).
 y - the +3 leather armour of Indomitability (worn) {rElec Int+3}
   (You took it off an orc wizard on level 4 of the Dungeon)

   Int:       It affects your intelligence (+3).
   rElec:     It insulates you from electricity.
 z - a +1 ring mail of cold resistance
Magical Staves
 h - a staff of conjuration
 m - a staff of cold
Jewellery
 g - a ring of magical power (left hand)
 H - a ring of protection from cold (right hand)
 J - a ring of protection from fire
 N - an amulet of the acrobat (around neck)
Wands
 q - a wand of iceblast (9) {@v2}
 B - a wand of acid (9) {@v1}
 D - a wand of flame (18)
Scrolls
 i - 2 scrolls of vulnerability
 n - 3 scrolls of immolation
 p - a scroll of summoning {unknown}
 w - a scroll of enchant armour {unknown}
 A - a scroll of teleportation {@r3}
 E - a scroll of fear {unknown}
 F - a scroll of fog {unknown}
 G - a scroll of blinking {@r4}
 I - a scroll of poison {unknown}
 L - a scroll of magic mapping {unknown}
 M - a scroll of amnesia {unknown}
 O - a scroll of noise {unknown}
Potions
 f - 3 potions of heal wounds {@q2}
 k - 5 potions of haste {@q4}
 o - 3 potions of lignification {unknown}
 s - 2 potions of curing {unknown}
 x - a potion of degeneration {unknown}
 C - 2 potions of berserk rage {unknown}
 K - 2 potions of cancellation {unknown}


   Skills:
 - Level 8.5 Fighting
 - Level 7.0 Short Blades
 - Level 2.1 Throwing
 - Level 5.3 Dodging
 - Level 7.1 Stealth
 + Level 4.3 Spellcasting
 - Level 5.1 Hexes
 - Level 2.4 Transmutations
 - Level 2.2 Ice Magic
 - Level 1.9 Earth Magic
 - Level 3.0 Evocations


You had 10 spell levels left.
You knew the following spells:

 Your Spells              Type           Power      Damage    Failure   Level
a - Passwall              Tmut/Erth      10%        N/A       11%         2
b - Ensorcelled Hibernat  Hex/Ice        38%        N/A       6%          2
c - Confusing Touch       Hex            24%        N/A       6%          3

Your spell library contained the following spells:

 Spells                   Type           Power      Damage    Failure   Level
 Ignite Poison            Fire/Tmut/Pois 7%         N/A       11%         3
 Slow                     Hex            96%        N/A       2%          1
 Portal Projectile        Hex/Tloc       28%        N/A       19%         3
 Leda's Liquefaction      Hex/Erth       9%         N/A       38%         4
 Call Canine Familiar     Summ           4%         N/A       45%         3
 Swiftness                Air            4%         N/A       45%         3
 Vampiric Draining        Necr           4%         2d6       45%         3


Dungeon Overview and Level Annotations

Branches:
Dungeon (7/15)             Temple (1/1) D:6

Altars:
Ashenzari
Cheibriados
Dithmenos
Elyvilon
Fedhas
Gozag
Hepliaklqana
Kikubaaqudgha
Makhleb
Nemelex Xobeh
Qazlal
Ru
Sif Muna
Trog
Uskayaw
Vehumet
Wu Jian
Yredelemnul
Zin

Shops:
D:2 *


Innate Abilities, Weirdness & Mutations

You are small and have problems with some larger weapons.
You are completely attuned to the shadows.


Message History

No target in view!
An ogre comes into view. It is wielding a +0 giant spiked club.
An ogre is nearby!
An ogre is nearby!
An ogre is nearby!
The helpless ogre fails to defend itself.
You stick the ogre like a pincushion!!!
You kill the ogre!
Vehumet accepts your kill.
Your Spellcasting skill increases to level 4!
There is a large open door here.
There is a large open door here.
There is an open door here.
A six-headed hydra comes into view.
Casting: Confusing Touch (dangerous; 6% risk of failure)
Aiming: Passwall (safe; 11% risk of failure)
A rock wall.
You begin to meditate on the wall.
You continue meditating on the rock. x2
You finish merging with the rock.
The helpless six-headed hydra fails to defend itself.
You spit the six-headed hydra like a pig!!!
The six-headed hydra bites you. x4; The six-headed hydra bites you! x2
Casting: Passwall (safe; 11% risk of failure)
Aiming: Ensorcelled Hibernation (safe; 6% risk of failure)
Aim: a six-headed hydra (severely wounded, chance to affect: 19%)
Okay, then.
Casting: Ensorcelled Hibernation (safe; 6% risk of failure)
Your hands begin to glow red.
The six-headed hydra barely misses you. The six-headed hydra bites you. x2
The six-headed hydra closely misses you.
The six-headed hydra bites you!
* * * LOW HITPOINT WARNING * * *
The six-headed hydra closely misses you.
Here: a six-headed hydra (severely wounded, chance to confuse on hit: 22%)
The floor, spattered with blood.
Unknown command.
You hit the six-headed hydra but do no damage.
The six-headed hydra bites you but does no damage. x2
The six-headed hydra bites you!
You die...

......# ......+
......## (......# ###
#+#....##
...########### #.....#
.............# #......
.....#######.# +......
.....@D......###......
##...######..#........
#...........##.......
#...........##.......
#.#.........##......)
#. ..................
#.. ........###.......
#..#####.....##.......
#...................).


You could see a six-headed hydra.

Vanquished Creatures
  Pikel (D:6)
  The ghost of Dwachs the Shield-Bearer, an amateur FoFi of Elyvilon (D:3)
  A steam dragon (D:7)
  Menkaure (D:5)
  Edmund (D:4)
  A sky beast (D:7)
  A water moccasin (D:7)
  An orc warrior (D:7)
  2 ice beasts
  A black bear (D:6)
  3 ogres
  3 lemures (D:6)
  2 phantoms
  2 kobold brigands
  A necrophage (D:6)
  A gnoll sergeant (D:7)
  5 scorpions
  A centaur zombie (D:3)
  2 orc priests
  A hound (D:5)
  8 orc wizards
  Natasha (thrice) (D:2)
  4 iguanas
  A howler monkey zombie (D:3)
  7 gnolls
  10 adders
  An ufetubus (D:6)
  2 worms (D:5)
  2 dart slugs
  20 orcs
  6 ball pythons
  5 bats
  11 endoplasms
  5 giant cockroaches
  5 goblins
  4 hobgoblins
  2 jackals (D:4)
  17 kobolds
  3 quokkas
  3 frilled lizards
  12 rats
163 creatures vanquished.

Vanquished Creatures (collateral kills)
  An orc priest (D:4)
1 creature vanquished.

Vanquished Creatures (others)
  An orc wizard (D:4)
  34 plants
35 creatures vanquished.

Grand Total: 199 creatures vanquished

Notes
Turn   | Place    | Note
-------+----------+-------------------------------------------
     0 | D:1      | Colgate the Kobold Brigand began the quest for the Orb.
     0 | D:1      | Reached XP level 1. HP: 12/12 MP: 1/1
   153 | D:1      | Reached XP level 2. HP: 15/17 MP: 2/2
  1274 | D:2      | Reached XP level 3. HP: 21/21 MP: 3/3
  1386 | D:2      | Found Kopyl's Assorted Antiques.
  1465 | D:2      | Noticed Natasha
  1469 | D:2      | Killed Natasha
  1470 | D:2      | Reached XP level 4. HP: 26/26 MP: 4/4
  1588 | D:2      | Noticed Natasha
  1596 | D:2      | Killed Natasha
  1597 | D:2      | Reached skill level 3 in Fighting
  1901 | D:2      | Noticed Natasha
  1933 | D:2      | Killed Natasha
  1934 | D:2      | Reached XP level 5. HP: 25/33 MP: 5/5
  2296 | D:3      | Reached skill level 4 in Fighting
  2508 | D:3      | You fall into a shaft and drop 1 floor!
  2581 | D:4      | Reached XP level 6. HP: 38/38 MP: 6/6
  2872 | D:3      | Reached skill level 5 in Short Blades
  2880 | D:3      | Identified the +3 leather armour "Jycoez" {Str+2}
  2959 | D:3      | Found a faded altar of an unknown god.
  2966 | D:3      | Prayed at the altar of an unknown god.
  2966 | D:3      | Became a worshipper of Vehumet
  2966 | D:3      | Reached * piety under Vehumet
  2966 | D:3      | Offered knowledge of Magic Dart by Vehumet.
  3433 | D:3      | Found a runed translucent gate.
  3433 | D:3      | Found a runed translucent gate.
  3433 | D:3      | Found a runed translucent gate.
  3719 | D:3      | Noticed Dwachs's ghost (amateur FoFi)
  3723 | D:3      | Killed Dwachs's ghost
  3724 | D:3      | Reached XP level 7. HP: 43/43 MP: 7/7
  3916 | D:4      | Noticed Edmund
  3919 | D:4      | Killed Edmund
  4285 | D:4      | Identified the +3 leather armour of Indomitability {rElec
                  | Int+3}
  4632 | D:4      | Found a blossoming altar of Fedhas.
  4824 | D:5      | Entered Level 5 of the Dungeon
  4831 | D:5      | Reached XP level 8. HP: 48/48 MP: 8/8
  4835 | D:5      | Noticed Menkaure
  4844 | D:5      | Offered knowledge of Foxfire by Vehumet.
  4853 | D:5      | Noticed a moth of wrath
  4869 | D:5      | Reached ** piety under Vehumet
  4874 | D:5      | Found a bloodstained altar of Trog.
  4932 | D:5      | Reached skill level 1 in Transmutations
  4945 | D:5      | Learned a level 2 spell: Passwall
  5140 | D:5      | Reached skill level 1 in Earth Magic
  5148 | D:5      | Reached skill level 1 in Spellcasting
  5404 | D:5      | Killed Menkaure
  5408 | D:5      | Learned a level 2 spell: Ensorcelled Hibernation
  5672 | D:5      | Reached skill level 1 in Hexes
  5789 | D:5      | Found a burning altar of Makhleb.
  5792 | D:5      | Found a broken altar of Ashenzari.
  5794 | D:5      | Found a glowing silver altar of Zin.
  6645 | D:2      | Bought a scroll labelled TIRUBO QUAH for 29 gold pieces
  6861 | D:6      | Reached XP level 9. HP: 52/52 MP: 12/12
  6865 | D:6      | Learned a level 3 spell: Confusing Touch
  6977 | D:6      | Offered knowledge of Ignite Poison by Vehumet.
  7181 | D:6      | Noticed Pikel
  7199 | D:6      | Reached skill level 5 in Fighting
  7308 | D:6      | Found a staircase to the Ecumenical Temple.
  7314 | Temple   | Entered the Ecumenical Temple
  7621 | D:6      | Killed Pikel
  7622 | D:6      | Reached skill level 7 in Fighting
  8320 | D:6      | Found a staircase to the Ecumenical Temple.
  8349 | D:6      | Reached skill level 8 in Fighting
  9183 | D:6      | Found a staircase to the Ecumenical Temple.
  9859 | D:7      | Reached skill level 5 in Dodging
  9861 | D:7      | Reached XP level 10. HP: 65/65 MP: 13/13
 10081 | D:7      | Found a white marble altar of Elyvilon.
 10111 | D:7      | Reached skill level 5 in Hexes
 10325 | D:7      | Reached *** piety under Vehumet
 10671 | D:7      | Noticed a six-headed hydra
 10678 | D:7      | Slain by a six-headed hydra

Illustrated notes

Levels and vault maps discovered:
D:1:      dpeg_arrival_refuge, layout_basic
D:2:      minmay_evil_eye, layout_basic, serial_shops, shop_fountains,
          lexackson_kobold_supper, uniq_natasha
D:3:      layout_basic, shapermc_ecumenical_altar_hornbeckon,
          gammafunk_ghost_necromancy, minmay_fountain_box
D:4:      layout_loops_ring, fedhas_altar_decomposition, uniq_edmund
D:5:      layout_cave_pools, tgw_trog, minitemple, kennysheep_cross_bottleneck,
          st_stairs_2, corexii_hall_statues_u, chequers_serial_rivers_room_b,
          kennysheep_generic_room_9, uniq_menkaure
D:6:      wad_pebble_path, layout_basic, minmay_temple_entry_ruins,
          minmay_fractal_squares_gapless_5, uniq_pikel
D:7:      layout_basic, overflow_temple_1_default, serial_glass,
          glass_columns_b, glass_columns_c, glass_columns_a,
          chequers_serial_rivers_large_a, st_stairs_4
Temple:   nicolae_temple_figure_eight

Skill      XL: |  1  2  3  4  5  6  7  8  9 10 |
---------------+-------------------------------+-----
Short Blades   | 3 4 7 |  7.0
Stealth        | 6 7 |  7.1
Fighting       | 3 4 8 |  8.5
Dodging        | 2 4 5 |  5.3
Evocations     | 3 |  3.0
Transmutations | 1 2 |  2.4
Earth Magic    | 1 |  1.9
Spellcasting   | 2 4 |  4.3
Ice Magic      | 2 |  2.2
Hexes          | 4 5 |  5.1
Throwing       | |  2.1

Action                   |  1- 3 |  4- 6 |  7- 9 | 10-12 || total
-------------------------+-------+-------+-------+-------++-------
Melee: Dagger            |    46 |    40 |    47 |    53 ||   186
       Short sword       |       |    97 |   167 |     5 ||   269
       Punch             |       |     3 |     6 |       ||     9
Throw: Dart              |       |       |     9 |       ||     9
       Boomerang         |       |       |     2 |       ||     2
 Cast: Ensorcelled Hiber |       |       |    20 |     3 ||    23
       Passwall          |       |       |     3 |     1 ||     4
       Confusing Touch   |       |       |     1 |     5 ||     6
  Use: Scroll            |       |       |     6 |       ||     6
 Stab: Sleeping          |    16 |    19 |    35 |     5 ||    75
       Confused          |       |       |     1 |     3 ||     4
Armor: Robe              |     4 |    24 |       |       ||    28
       Leather armour    |       |    16 |    41 |    10 ||    67
Dodge: Dodged            |    21 |    67 |    96 |    30 ||   214

Table legend: (Time is in decaauts)
 A = Elapsed time spent in this place.
 B = Non-inter-level travel time spent in this place.
 C = Inter-level travel time spent in this place.
 D = Time resting spent in this place.
 E = Time spent auto-exploring this place.
 F = Levels seen in this place.
 G = Mean time per level.
                   A        B        C        D        E       F      G
               +--------+--------+--------+--------+--------+-----+--------+
         Total |  10537 |  10149 |    388 |    164 |   8456 |   8 | 1317.1 |
       Dungeon |  10302 |   9924 |    378 |    164 |   8248 |   7 | 1471.7 |
        Temple |    234 |    224 |     10 |      0 |    208 |   1 |  234.0 |
               +--------+--------+--------+--------+--------+-----+--------+

Top non-repeatable levels by time:
     D:6: 2726 daAuts
     D:5: 1731 daAuts
     D:3: 1496 daAuts
     D:4: 1199 daAuts
     D:1: 1162 daAuts
     D:2: 1083 daAuts
     D:7: 903 daAuts
  Temple: 234 daAuts
